 Dungeon Sprint DCSS version 0.29-a0-892-g2c4c91d9db (webtiles) character file.

Game seed: 9751644539404377768

1384 mhtbhm the Protected (level 8, -12/56 HPs)
             Began as a Gargoyle Fighter on July 23, 2022.
             Was a Believer of Makhleb.
             Mangled by a skeletal warrior
             ... wielding a +0 halberd
              (17 damage)
             ... in the Dungeon (Sprint IX: "|||||||||||||||||||||||||||||").
             The game lasted 00:01:51 (657 turns).

mhtbhm the Protected (Gargoyle Fighter)              Turns: 657, Time: 00:01:52

Health: -12/56     AC: 14    Str: 22    XL:     8   Next: 67%
Magic:  13/13      EV: 11    Int:  9    God:    Makhleb [**....]
Gold:   0          SH:  5    Dex:  9    Spells: 7/7 levels left

rFire   . . .      SeeInvis .   a - +8 mithril axe "Arga" {speed, Will+}
rCold   . . .      Faith    .   c - +0 buckler
rNeg    + . .      Spirit   .   b - +0 troll leather armour
rPois   ∞          Reflect  .   (no helmet)
rElec   +          Harm     .   m - +0 cloak
rCorr   .          Rampage  .   n - +0 pair of gloves
Will    +....      NoTele   +   (no boots)
Stlth   ++........              (no amulet)
HPRegen 0.98/turn               (no ring)
MPRegen 0.13/turn               (no ring)

@: no status effects
A: sickness immunity, AC +5, negative energy resistance 1, electricity
resistance, torment resistance 1, petrification resistance
a: Renounce Religion, Minor Destruction


You were in the Dungeon.
You worshipped Makhleb.
Makhleb was pleased with you.
You visited 1 branch

Inventory:

Hand Weapons
 a - the +8 mithril axe "Arga" (weapon) {speed, Will+}
   (You found it in the Dungeon)

   Attacks with this weapon are significantly faster.
   Will:      It increases your willpower.
Missiles
 q - a curare-tipped dart (quivered)
Armour
 b - a +0 troll leather armour (worn)
 c - a +0 buckler (worn)
 m - a +0 cloak (worn)
 n - a +0 pair of gloves (worn)
Jewellery
 o - a +3 ring of dexterity
 p - a +3 ring of dexterity
Wands
 l - a wand of light (6)
Scrolls
 k - 2 scrolls of amnesia
Potions
 d - a potion of invisibility
 e - 5 potions of curing
 h - 4 potions of magic
 i - a potion of berserk rage


   Skills:
 + Level 9.5 Fighting
 * Level 7.8(8.5) Axes
 - Level 5.5(7.8) Maces & Flails
 + Level 10.1 Armour
 + Level 2.6 Dodging
 + Level 3.8 Stealth
 + Level 8.0 Shields
 * Level 7.2 Invocations
 + Level 0.3 Evocations


You had 7 spell levels left.
You didn't know any spells.
Your spell library was empty.

Dungeon Overview and Level Annotations

Branches:
Dungeon (1/1)

Altars:
Cheibriados
Dithmenos
Elyvilon
Fedhas
Gozag
Hepliaklqana
Kikubaaqudgha
Makhleb
Nemelex Xobeh
Okawaru
Qazlal
Ru
Sif Muna
Trog
Uskayaw
Vehumet
Wu Jian
Xom
Yredelemnul
Zin
The Shining One
Jiyva
Lugonu


Innate Abilities, Weirdness & Mutations

You are immune to sickness and miasma.
Your stone body is resilient. (AC +5)
You are immune to poison.
You resist negative energy. (rN+)
You are resistant to electric shocks. (rElec)
You are resistant to unholy torment.
You are immune to petrification.


Message History

The skeletal warrior is blinded.
The bolt of light hits the skeletal warrior!
The skeletal warrior is lightly damaged.
The skeletal warrior is blinded.
The skeletal warrior hits you from afar with a +0 halberd!
The skeletal warrior hits you with a +0 halberd!!
* * * LOW HITPOINT WARNING * * *
There is an open door to the Dungeon here.
Unknown command.
You barely miss the skeletal warrior.
The skeletal warrior is moderately damaged.
The skeletal warrior barely misses you.
Unknown command.
You closely miss the skeletal warrior.
The skeletal warrior is moderately damaged.
The skeletal warrior hits you with a +0 halberd!
* * * LOW HITPOINT WARNING * * *
You catch the helpless skeletal warrior completely off-guard!
You hit the skeletal warrior but do no damage.
The skeletal warrior is moderately damaged.
Unknown command.
Aiming: Bolt of Light
Press: ? - help, Shift-Dir - straight line, f/p - skeletal warrior
Aim: a skeletal warrior, wielding a +0 halberd (moderately damaged, blind, 71% to hit)
The bolt of light hits the skeletal warrior.
The skeletal warrior is moderately damaged.
The bolt of light misses the skeletal warrior.
You block the skeletal warrior's attack.
Unknown command.
Unknown command.
Aiming: Bolt of Light
Press: ? - help, Shift-Dir - straight line, f/p - skeletal warrior
Aim: a skeletal warrior, wielding a +0 halberd (moderately damaged, blind, 71% to hit)
The bolt of light hits the skeletal warrior!
The skeletal warrior is heavily damaged.
The bolt of light hits the skeletal warrior but does no damage.
The skeletal warrior is lightly damaged.
The skeletal warrior is no longer blind.
The skeletal warrior hits you from afar with a +0 halberd!
You die... ▓▓▓▓▓▓▓▓▓▓▓▓▓▓▓▓▓▓▓▓▓▓ ____'....)'..zz)@...<▓ ▓▓▓▓▓▓▓▓▓▓▓▓▓▓▓▓▓▓▓▓▓▓

You could see 2 skeletal warriors.

Vanquished Creatures
  A centaur warrior (D)
  2 yaks (D)
  A vampire mosquito (D)
  An acid dragon (D)
  A water moccasin (D)
  A kobold brigand (D)
  A jelly (D)
  An iguana (D)
  2 adders (D)
  A dart slug (D)
  A bat (D)
  An endoplasm (D)
  A frilled lizard (D)
  A kobold (D)
16 creatures vanquished.

Vanquished Creatures (others)
  A troll (D)
1 creature vanquished.

Grand Total: 17 creatures vanquished

Notes
Turn   | Place    | Note
-------+----------+-------------------------------------------
     0 | D        | mhtbhm the Gargoyle Fighter began the quest for the Orb.
     0 | D        | Reached XP level 1. HP: 14/14 MP: 1/1
    19 | D        | Reached skill level 4 in Armour
    19 | D        | Reached XP level 2. HP: 18/20 MP: 2/2
    44 | D        | Noticed a water moccasin
    51 | D        | Reached skill level 5 in Fighting
    51 | D        | Reached skill level 5 in Armour
    51 | D        | Reached XP level 3. HP: 11/26 MP: 3/3
    59 | D        | Killed a water moccasin
    60 | D        | Reached skill level 5 in Maces & Flails
    60 | D        | Reached skill level 6 in Armour
    60 | D        | Reached XP level 4. HP: 17/32 MP: 4/4
    60 | D        | Reached XP level 5. HP: 20/37 MP: 5/5
    66 | D        | Reached skill level 7 in Armour
    72 | D        | Found a snail-covered altar of Cheibriados.
    72 | D        | Found a shadowy altar of Dithmenos.
    72 | D        | Found a white marble altar of Elyvilon.
    72 | D        | Found a blossoming altar of Fedhas.
    72 | D        | Found an opulent altar of Gozag.
    73 | D        | Found a hazy altar of Hepliaklqana.
    74 | D        | Found a viscous altar of Jiyva.
    75 | D        | Found an ancient bone altar of Kikubaaqudgha.
    76 | D        | Found a corrupted altar of Lugonu.
    77 | D        | Found a burning altar of Makhleb.
    78 | D        | Found a sparkling altar of Nemelex Xobeh.
    79 | D        | Found an iron altar of Okawaru.
    80 | D        | Found a stormy altar of Qazlal.
    81 | D        | Found a sacrificial altar of Ru.
    82 | D        | Found a shimmering blue altar of Sif Muna.
    83 | D        | Found a bloodstained altar of Trog.
    84 | D        | Found a hide-covered altar of Uskayaw.
    85 | D        | Found a radiant altar of Vehumet.
    86 | D        | Found an ornate altar of the Wu Jian Council.
    87 | D        | Found a shimmering altar of Xom.
   110 | D        | Became a worshipper of Makhleb the Destroyer
   212 | D        | Found a basalt altar of Yredelemnul.
   213 | D        | Found a glowing silver altar of Zin.
   214 | D        | Found a glowing golden altar of the Shining One.
   222 | D        | Found the +8 mithril axe "Arga" {speed, Will+}
   271 | D        | Noticed a kobold brigand
   271 | D        | Noticed a troll
   271 | D        | Noticed a vampire mosquito
   271 | D        | Noticed a yak
   271 | D        | Noticed an acid dragon
   271 | D        | Noticed a yak
   275 | D        | Killed a yak
   276 | D        | Reached skill level 8 in Armour
   276 | D        | Reached skill level 1 in Dodging
   276 | D        | Reached XP level 6. HP: 29/44 MP: 5/8
   385 | D        | Killed an acid dragon
   386 | D        | Reached XP level 7. HP: 50/50 MP: 8/10
   390 | D        | Killed a troll
   391 | D        | Killed a yak
   391 | D        | Reached * piety under Makhleb
   392 | D        | Reached skill level 9 in Armour
   392 | D        | Reached skill level 1 in Stealth
   392 | D        | Reached skill level 5 in Invocations
   395 | D        | Killed a vampire mosquito
   396 | D        | Reached skill level 5 in Axes
   570 | D        | Noticed a centaur warrior
   570 | D        | Noticed a six-headed hydra
   570 | D        | Noticed a slime creature
   570 | D        | Noticed a skeletal warrior
   570 | D        | Noticed a skeletal warrior
   570 | D        | Noticed a centaur warrior
   575 | D        | HP: 1/51 [centaur warrior/arrow (19)]
   630 | D        | Killed a centaur warrior
   630 | D        | Reached ** piety under Makhleb
   631 | D        | Reached skill level 10 in Armour
   631 | D        | Reached XP level 8. HP: 26/56 MP: 11/13
   657 | D        | Mangled by a skeletal warrior

Illustrated notes

Levels and vault maps discovered:
D:        linesprint [early_d, line_temple, items_1, d_10, items_2, lair_1,
          lair_end, items_3, orc_1, orc_end, items_4, d_15, swamp_1, shoals_1,
          snake_1, spider_1, d_20, vaults_1, items_5, swamp_end, shoals_end,
          snake_end, spider_end, vaults_end, d_27, items_6, zot_1, zot_end,
          crypt_end, forest_end, elf_end, slime_end, tomb_end, abyss_end,
          pan_hell_end]

Skill      XL: |  1  2  3  4  5  6  7 |
---------------+----------------------+-----
Fighting       | 4 5 6 8 9 |  9.5
Armour         | 4 5 6 8 10 | 10.1
Shields        | 4 6 7 8 |  8.0
Maces & Flails | 3 5 |  5.5
Axes           | 2 3 7 |  7.8
Dodging        | 1 2 |  2.6
Invocations    | 3 4 7 |  7.2
Stealth        | 3 |  3.8
Evocations     | |  0.3

Action                   |  1- 3 |  4- 6 |  7- 9 || total
-------------------------+-------+-------+-------++-------
Melee: Flail             |    27 |     6 |       ||    33
       Broad axe         |       |     9 |    23 ||    32
Evoke: Wand              |       |       |     4 ||     4
  Use: Potion            |     2 |     1 |     2 ||     5
       Scroll            |       |       |     2 ||     2
 Stab: Invisible         |       |       |     4 ||     4
Armor: Scale mail        |    11 |     8 |     5 ||    24
       Troll leather arm |       |       |     6 ||     6
Dodge: Dodged            |    15 |     2 |    12 ||    29
Block: Buckler           |     6 |     5 |     5 ||    16

Table legend: (Time is in decaauts)
 A = Elapsed time spent in this place.
 B = Non-inter-level travel time spent in this place.
 C = Inter-level travel time spent in this place.
 D = Time resting spent in this place.
 E = Time spent auto-exploring this place.
 F = Levels seen in this place.
 G = Mean time per level.
                   A        B        C        D        E       F      G
               +--------+--------+--------+--------+--------+-----+--------+
         Total |    645 |    645 |      0 |    381 |      7 |   1 |  645.0 |
       Dungeon |    645 |    645 |      0 |    381 |      7 |   1 |  645.0 |
               +--------+--------+--------+--------+--------+-----+--------+

Top non-repeatable levels by time:
       D: 645 daAuts
